 Dungeon Crawl Stone Soup version 0.16.1-4-g8e1b745 (console) character file.

142 gw the Ducker (level 5, 0/32 HPs)
             Began as a Deep Elf Artificer on Mar 27, 2015.
             Was an Initiate of Makhleb.
             Slain by an adder (3 damage)
             ... on level 3 of the Dungeon.
             The game lasted 00:02:32 (2985 turns).

gw the Ducker (Deep Elf Artificer)                  Turns: 2985, Time: 00:02:32

Health: 0/32       AC:  3    Str:  8    XL:     5   Next: 3%
Magic:  12/12      EV: 14    Int: 17    God:    Makhleb [......]
Gold:   106        SH:  0    Dex: 16    Spells: 0 memorised, 4 levels left

rFire  . . .     SeeInvis .     a - +0 short sword
rCold  . . .     Clarity  .     e - +0 leather armour
rNeg   . . .     SustAb   .     (no shield)
rPois  .         Gourm    .     (no helmet)
rElec  .         Spirit   .     (no cloak)
rCorr  .         Warding  .     (no gloves)
rMut   .         Stasis   .     (no boots)
MR     .....                    (no amulet)
Stlth  ++........               (no ring)
                                (no ring)

@: very slightly contaminated, not resistant to hostile enchantments, unstealthy
A: no striking features
a: Renounce Religion


You were on level 3 of the Dungeon.
You worshipped Makhleb.
Makhleb was noncommittal.
You were very hungry.

You visited 1 branch of the dungeon, and saw 3 of its levels.

You collected 106 gold pieces.

Inventory:

Hand weapons
 a - a +0 short sword (weapon)
Missiles
 l - 26 arrows
Armour
 e - a +0 leather armour (worn)
Magical devices
 b - a wand of flame (10)
 c - a wand of enslavement (13)
 d - a wand of random effects (10)
Scrolls
 g - a scroll of enchant armour
 m - a scroll of identify
Potions
 h - a potion of cancellation
 i - a potion of flight {unknown}
Comestibles
 f - a bread ration
 j - 2 slices of pizza


   Skills:
 + Level 3.0 Fighting
 - Level 1.0 Short Blades
 + Level 4.5 Dodging
 - Level 1.2 Stealth
 + Level 0.0 Invocations
 - Level 3.2 Evocations


You had 4 spell levels left.
You didn't know any spells.

Dungeon Overview and Level Annotations

Branches:
Dungeon (3/15)

Altars:
Gozag
Makhleb


Message History

Unknown command.
Unknown command.
Unknown command.
Attempting RANGED ATTACK TO (3,-1); Help; Fight failed; Making a random move The adder barely misses your gnoll.
Unknown command.
Unknown command.
Unknown command.
MOVING TO (-1,6)
The adder bites your gnoll.
Your gnoll is poisoned.
The adder poisons your gnoll!
Unknown command.
Unknown command.
Unknown command.
Attempting RANGED ATTACK TO (2,-1) Ally in attack direction; making random move Making a random move You swap places.
The adder bites you.
You die...

##$ #.. ### #.#
...# #.. ....#
#.#
#######.....#
#.#
..#.eS.....#
#.#
#.#g##.....#
######.####.#)#
#.###
#...._<..##...#
#
#.###..#.###.##
##.#.###.#
#.#.....#
#.#..####
#...(#


You could see an adder and a friendly gnoll.

Table legend:
 A = Turns spent in this place as a percentage of turns spent in the entire game.
 B = Non-inter-level travel turns spent in this place as a percentage of non-inter-level travel turns spent in the entire game.
 C = Inter-level travel turns spent in this place as a percentage of turns spent in this place.
 D = Turns resting spent in this place as a percentage of non-inter-level travel turns spent in this place.
 E = Turns spent auto-exploring this place as a percentage of non-inter-level travel turns spent in this place.
 F = Non-inter-level travel turns spent in this place divided by the number of levels of this place that you've seen.
                   A       B       C       D       E      F
               +-------+-------+-------+-------+-------+----------------------
         Total | 100.0 | 100.0 |   0.5 |   1.7 |   2.3 | 1152.7
       Dungeon | 100.0 | 100.0 |   0.5 |   1.7 |   2.3 | 1152.7
               +-------+-------+-------+-------+-------+----------------------

Table legend:
 A = Kills in this place as a percentage of kills in entire the game.
 B = Kills by you in this place as a percentage of kills by you in the entire game.
 C = Kills by friends in this place as a percentage of kills by friends in the entire game.
 D = Other kills in this place as a percentage of other kills in the entire game.
 E = Experience gained in this place as a percentage of experience gained in the entire game.
 F = Experience gained in this place divided by the number of levels of this place that you have seen.
                   A       B       C       D       E      F
               +-------+-------+-------+-------+-------+----------------------
         Total | 100.0 | 100.0 | 100.0 |  -nan | 100.0 |  67.7
       Dungeon | 100.0 | 100.0 | 100.0 |  -nan | 100.0 |  67.7
               +-------+-------+-------+-------+-------+----------------------

Vanquished Creatures
  Sigmund (D:2)
  Terence (D:2)
  2 adders (D:2)
  An ooze (D:1)
  9 bats
  A giant cockroach (D:1)
  2 hobgoblins (D:2)
  A giant newt (D:1)
  5 goblins
  A kobold (D:1)
  A quokka (D:2)
  4 rats
29 creatures vanquished.

Vanquished Creatures (collateral kills)
  2 gnolls (D:3)
2 creatures vanquished.

Grand Total: 31 creatures vanquished

Notes
Turn   | Place    | Note
--------------------------------------------------------------
     0 | D:1      | gw, the Deep Elf Artificer, began the quest for the Orb.
     0 | D:1      | Reached XP level 1. HP: 11/11 MP: 2/2
   134 | D:1      | Reached skill level 1 in Fighting
   895 | D:1      | Reached XP level 2. HP: 10/16 MP: 5/5
  1787 | D:2      | Found an opulent altar of Gozag.
  1873 | D:2      | Noticed Terence
  1877 | D:2      | Killed Terence
  1877 | D:2      | Reached XP level 3. HP: 14/21 MP: 7/7
  1998 | D:2      | Noticed Sigmund
  2001 | D:2      | Killed Sigmund
  2001 | D:2      | Reached skill level 4 in Dodging
  2001 | D:2      | Reached XP level 4. HP: 25/27 MP: 10/10
  2922 | D:3      | Found a burning altar of Makhleb.
  2924 | D:3      | Became a worshipper of Makhleb the Destroyer
  2979 | D:3      | Reached XP level 5. HP: 2/32 MP: 12/12
  2985 | D:3      | Slain by an adder

Action                   |  1- 3 |  4- 6 || total
-------------------------+-------+-------++-------
Melee: Short sword       |   109 |    52 ||   161
Evoke: Wand              |     8 |     4 ||    12
  Use: Scroll            |     3 |     1 ||     4
       Potion            |     1 |     3 ||     4
  Eat: Chunk             |     4 |     2 ||     6

Vault maps used:
D:1:      shiori_shiawase, fountainhead, minmay_strange_pillars
D:2:      nicolae_gozag_seed_capital, uniq_terence, uniq_sigmund
D:3:      nicolae_overflow_crystal_walls, overflow_temple_1_default, first_bread
